 Dungeon Crawl Stone Soup version 0.26-a0-812-g31a745ddcd (webtiles) character file.

Game seed: 5427402986872616708

261 CypherZel the Sneak (level 5, 0/18 HPs)
             Began as a Felid Conjurer on Nov 23, 2020.
             Succumbed to a worker ant's poison
             ... on level 5 of the Dungeon on Nov 26, 2020.
             The game lasted 00:50:05 (23994 turns).

CypherZel the Sneak (Felid Conjurer)               Turns: 23994, Time: 00:50:05

Health: 0/18       AC:  3    Str:  3    XL:     5   Next: 96%
Magic:  11/11      EV: 18    Int: 20    God:
Gold:   265        SH:  0    Dex: 15    Spells: 8/11 levels left
                                        Lives:  0   Deaths: 1

rFire    . . .     SeeInvis +   (weapon unavailable)
rCold    . . .     Faith    .   (shield unavailable)
rNeg     . . .     Spirit   .   (armour unavailable)
rPois    .         Reflect  .   (helmet unavailable)
rElec    .         Harm     .   (cloak unavailable)
rCorr    .         Rampage  .   (gloves unavailable)
MR       .....                  (boots unavailable)
Stlth    ++++......             (no amulet)
HPRegen  0.06/turn              (no ring)
MPRegen  0.12/turn              (no ring)

@: lethally poisoned (0 -> -20), quick
A: very small, no armour, no weapons or thrown items, stealth, claws 1, fangs 3,
molten scales 1, see invisible, speed 1, frail 1, shaggy fur 1, sharp paws
a: no special abilities


You were on level 5 of the Dungeon.
You visited 2 branches of the dungeon, and saw 6 of its levels.

You collected 265 gold pieces.

Inventory:

Jewellery
 k - an uncursed ring of poison resistance
 q - an uncursed ring of resist corrosion {unknown}
Wands
 c - a wand of digging (5)
 n - a wand of random effects (16)
Scrolls
 e - a scroll of teleportation
 f - 2 scrolls of random uselessness
 g - a scroll of enchant armour
 h - 2 scrolls of amnesia
 i - a scroll of fog {unknown}
 l - a scroll of remove curse {unknown}
 p - a scroll of magic mapping {unknown}
Potions
 a - 2 potions of invisibility
 b - a potion of flight
 d - 2 potions of lignification
 j - a potion of curing
 m - a potion of resistance
 o - a potion of haste {unknown}
 r - a potion of magic {unknown}


   Skills:
 - Level 2.6 Dodging
 * Level 6.5 Stealth
 + Level 3.8 Spellcasting
 + Level 4.9 Conjurations


You had 8 spell levels left.
You knew the following spells:

 Your Spells              Type           Power        Failure   Level
a - Magic Dart            Conj           ###.         1%          1
b - Searing Ray           Conj           ###...       2%          2

Your spell library contained the following spells:

 Spells                   Type           Power        Failure   Level
 Dazzling Flash           Conj/Hex       ##....       14%         3
 Fulminant Prism          Conj/Hex       ##........   43%         4
 Iskenderun's Mystic Bla  Conj/Tloc      ##......     43%         4


Dungeon Overview and Level Annotations

Branches:
Dungeon (5/15)             Temple (1/1) D:4

Altars:
Cheibriados
Dithmenos
Elyvilon
Fedhas
Gozag
Hepliaklqana
Kikubaaqudgha
Makhleb
Nemelex Xobeh
Okawaru
Qazlal
Sif Muna
Trog
Uskayaw
Wu Jian
Xom
Yredelemnul
Zin

Annotations:
D:2 exclusion: ogre
D:4 exclusions: downstairs, howler monkey, orc and 5 more exclusions
D:5 exclusion: orc


Innate Abilities, Weirdness & Mutations

You cannot wear armour.
You are incapable of wielding weapons or throwing items.
Your paws allow you to move quietly. (Stealth)
You have sharp claws.
You have razor-sharp teeth.
You have supernaturally acute eyesight. (SInv)
You cover ground quickly.
You are covered in fur. (AC +1)
Your sharp claws are effective at attacking unaware monsters.
You are partially covered in molten scales. (AC +2)
You are frail. (-10% HP)


Message History

You are too injured to fight recklessly!
You feel sick.
You barely miss the worker ant.
The worker ant is severely wounded.
You feel sick. The worker ant bites you.
* * * LOW HITPOINT WARNING * * *
You are more poisoned.
The worker ant poisons you!
You scratch the worker ant.
The worker ant is almost dead.
* * * LOW HITPOINT WARNING * * *
You feel sick. The worker ant completely misses you.
You scratch the worker ant but do no damage.
The worker ant is almost dead.
* * * LOW HITPOINT WARNING * * *
You feel sick. The worker ant closely misses you.
The worker ant barely misses you.
You scratch the worker ant but do no damage.
The worker ant is almost dead.
You die...

####### ########## .......
#........# ....... #....B...#
##### ....... #....@...## #....
....... #.........#### ##.###
.......### #.....[......# #..#
...o...).###........###.# #.##
.....o.#).########.## #.####.#
......o##)# #.# #......####
....... #.#### ###.####...#......
....... #....###.................
##.#########.........######..<.[.


You could see a worker ant.

Vanquished Creatures
  A scorpion (D:4)
  A wight (D:4)
  A bullfrog zombie (D:5)
  3 orc wizards
  A worker ant (D:4)
  6 adders
  A shadow imp (D:4)
  An ooze (D:3)
  4 dart slugs
  2 leopard geckos
  14 orcs
  8 bats
  4 giant cockroaches
  9 goblins
  12 hobgoblins
  7 jackals
  9 kobolds
  3 quokkas
  2 ball pythons
  7 frilled lizards
  A quokka skeleton (D:5)
  9 rats
106 creatures vanquished.

Notes
Turn   | Place    | Note
-------+----------+-------------------------------------------
     0 | D:1      | CypherZel the Felid Conjurer began the quest for the Orb.
     0 | D:1      | Reached XP level 1. HP: 7/7 MP: 4/4
   871 | D:1      | Reached XP level 2. HP: 11/11 MP: 4/6
  1367 | D:1      | Learned a level 2 spell: Searing Ray
  1850 | D:1      | Gained mutation: You are frail. (-10% HP) [potion of
                  | mutation]
  1850 | D:1      | Gained mutation: You are partially covered in molten
                  | scales. (AC +2) [potion of mutation]
  2141 | D:2      | You fall into a shaft and drop 2 floors!
  2141 | D:4      | Found a stormy altar of Qazlal.
  2142 | D:4      | Noticed a fire elemental
  2142 | D:4      | Noticed an earth elemental
  2142 | D:4      | Noticed an air elemental
  2142 | D:4      | Noticed a water elemental
  2210 | D:4      | Found a staircase to the Ecumenical Temple.
  2233 | Temple   | Entered the Ecumenical Temple
  2462 | Temple   | Became a worshipper of Yredelemnul the Dark
  2501 | D:3      | Reached XP level 3. HP: 12/12 MP: 6/8
  2930 | D:2      | Reached skill level 3 in Stealth
  3338 | D:2      | Found a hide-covered altar of Uskayaw.
  3855 | D:2      | Noticed an ogre
  3929 | D:2      | Reached XP level 4. HP: 16/16 MP: 6/9
  4437 | D:3      | Reached * piety under Yredelemnul
  6642 | D:3      | Reached skill level 4 in Stealth
 12446 | D:3      | Reached XP level 5. HP: 18/18 MP: 7/10
 12827 | D:4      | Reached skill level 5 in Stealth
 16659 | D:4      | Found a shadowy altar of Dithmenos.
 18315 | D:5      | Entered Level 5 of the Dungeon
 18936 | D:4      | Killed from afar by an orc wizard
 18937 | D:4      | Reached XP level 4. HP: -5/16 MP: 5/10
 18965 | D:4      | Reached XP level 5. HP: 18/18 MP: 9/11
 20269 | D:4      | Reached skill level 6 in Stealth
 23052 | D:5      | Fell from the grace of Yredelemnul
 23939 | D:4      | You fall into a shaft and drop 1 floor!
 23994 | D:5      | Succumbed to a worker ant's poison

Illustrated notes

Levels and vault maps discovered:
D:1:      dpeg_arrival_radiant, layout_basic
D:2:      layout_loops_ring, nicolae_overflow_crystal_walls, grunt_ministairs_2
D:3:      cheibrodos_greedy_goblins, layout_basic
D:4:      layout_layer_cave, marbit_many_paths, kennysheep_mini_moat,
          nicolae_dithmenos_the_darkroom, nicolae_qazlal_style_of_elements,
          minmay_temple_entry_stoned_glass, dk_vineyard_2,
          kennysheep_generic_room_10
D:5:      layout_rooms, kennysheep_little_box, grunt_decor_one_mirror,
          kennysheep_windowed_goal
Temple:   regret_index_temple_generic_petals

Skill      XL: |  1  2  3  4  5 |
---------------+----------------+-----
Conjurations   | 4 |  4.9
Stealth        | 3 4 6 |  6.5
Spellcasting   | 3 |  3.8
Dodging        | |  2.6

Action                   |  1- 3 |  4- 6 || total
-------------------------+-------+-------++-------
Melee: Unarmed           |       |     9 ||     9
 Cast: Magic Dart        |    81 |    95 ||   176
       Searing Ray       |     8 |    21 ||    29
  Use: Scroll            |     7 |     4 ||    11
       Potion            |     1 |     1 ||     2
 Stab: Sleeping          |       |     1 ||     1
Armor: Skin              |       |     3 ||     3
Dodge: Dodged            |    14 |    24 ||    38

Table legend: (Time is in decaauts)
 A = Elapsed time spent in this place.
 B = Non-inter-level travel time spent in this place.
 C = Inter-level travel time spent in this place.
 D = Time resting spent in this place.
 E = Time spent auto-exploring this place.
 F = Levels seen in this place.
 G = Mean time per level.
                   A        B        C        D        E       F      G
               +--------+--------+--------+--------+--------+-----+--------+
         Total |  22995 |  22355 |    640 |  18320 |   1345 |   6 | 3832.5 |
       Dungeon |  22796 |  22167 |    629 |  18320 |   1187 |   5 | 4559.2 |
        Temple |    199 |    189 |     10 |      0 |    158 |   1 |  199.0 |
               +--------+--------+--------+--------+--------+-----+--------+

Top non-repeatable levels by time:
     D:4: 7925 daAuts
     D:3: 7630 daAuts
     D:5: 2805 daAuts
     D:2: 2610 daAuts
     D:1: 1825 daAuts
  Temple: 199 daAuts
